[Event "10th Amsterdam Science Park 2022"]
[Site "Amsterdam"]
[Date "2022.07.19"]
[Round "2.8"]
[White "Theulings, Paul-Peter"]
[Black "Afek, Yochanan"]
[Result "1/2-1/2"]
[ECO "E65"]
[WhiteElo "2056"]
[BlackElo "2210"]
[Annotator "TA"]
[PlyCount "119"]
[EventDate "2022.07.18"]
[EventCountry "NED"]
[SourceTitle "playchess.com"]
[Source "ChessBase"]
[SourceQuality "1"]
[TimeControl "5400+30"]

1. Nf3 Nf6 2. c4 g6 3. g3 Bg7 4. Bg2 O-O 5. d4 c5 6. O-O Nc6 7. Nc3 d6 8. dxc5 dxc5 9. Bf4 Nh5 10. Be3 Nd4 {[%emt 0:04:08] 10...b6 is the fancy move.} 11. Qd2 Bg4 {[%emt 0:02:44] E65: King's Indian: Fianchetto: 6...c5 7 0-0 without d5 by White.} 12. Rfd1 {[%emt 0:00:56][%cal Rf3d4,Bf1d1,Bd1d2,Bd2d7][%mdl 32] was the old line (12.Rad1).} Bxf3 13. Bxf3 (13. exf3 {feels hotter.} e5 14. b4 cxb4 15. Nd5) 13... Nxf3+ {[%emt 0:01:42] White is slightly better.} 14. exf3 Qxd2 15. Rxd2 Bxc3 16. bxc3 b6 17. Rd7 Rfe8 18. Rad1 Ng7 19. Rb7 Nf5 20. Bf4 {[%emt 0:00:48] [#] Inhibits Nd6.} e5 $146 ({Predecessor:} 20... f6 21. Rdd7 g5 22. Bc7 Kf7 23. g4 Nh4 24. f4 Ke6 25. Rd3 gxf4 26. Bxf4 Rad8 {½-½ (47) Trofimov,P (2157)-Gnusarev,P (2270) Cheliabinsk 2021}) 21. Bg5 h6 22. Bf6 Re6 (22... Kf8 {keeps more tension.} 23. Rdd7 Re6 24. Rxf7+ Kg8) 23. Rxa7 Rf8 (23... Rxa7 $2 {gets mated.} 24. Rd8+) (23... Rae8 $1 $11 24. Rd8 Nd6) 24. Bd8 $36 {[%emt 0:01:29][%mdl 2048] White is in control.} Nd6 25. Be7 ({Reject} 25. Bxb6 $6 Nc8 $11) 25... Nc8 26. Bxf8 {[%emt 0:00:11] White is much more active. The black rooks are badly placed.} Nxa7 27. Bxh6 {[%emt 0:14:44][%mdl 4096] Endgame KRB-KRN} Nc6 {[%emt 0:00:01] Prevents Rd8+.} 28. Bg5 Kg7 29. Bd8 Na5 30. g4 Nxc4 (30... f6 $16) 31. g5 $18 Kf8 32. Bf6 Nd6 33. Rd5 e4 34. f4 Ne8 35. Rd8 Rd6 (35... e3 {was called for.} 36. fxe3 Rxe3) 36. a4 Re6 37. Be5 Ke7 38. Rb8 Rc6 (38... f6 $142) 39. Kf1 Nd6 40. Bxd6+ Rxd6 {[%emt 0:00:03] KR-KR} 41. Rb7+ Ke6 (41... Kf8 $142 42. Ke2 Kg7) 42. Ke2 f5 43. gxf6 $2 {[%emt 0:01:24] [#]} ({White should try} 43. c4 $18) 43... Kxf6 $11 44. Ke3 Kf5 45. Rf7+ Ke6 46. Rf8 Rd3+ 47. Kxe4 Rxc3 48. Re8+ Kf7 49. Rb8 {[%emt 0:00:00] Black should prevent Rb7+.} Rb3 50. Ke5 {[%emt 0:00:00] [#] And now a5 would win.} Rb4 51. Rb7+ Kf8 (51... Kg8 $1 $11) 52. h4 (52. f5 $16 gxf5 53. f4 (53. Kxf5 Rxa4 54. f4 Ra2 $16)) 52... Rxa4 {[%emt 0:00:00] The position is equal.} 53. Rxb6 Kg7 54. Rc6 c4 55. Rc8 Ra5+ 56. Ke4 Rh5 57. Rxc4 Rxh4 58. Rc7+ Kf6 59. Rc6+ Kf7 60. Kf3 {[%emt 0:14:39] Blacks defense is rewarded with a draw.  Weighted Error Value: White=0.24 (precise) /Black=0.22 (precise)} 1/2-1/2

[Event "10th Amsterdam Science Park 2022"]
[Site "Amsterdam"]
[Date "2022.07.19"]
[Round "2.9"]
[White "Duson, Robin"]
[Black "Tan, Kevin"]
[Result "1/2-1/2"]
[ECO "D22"]
[WhiteElo "2027"]
[BlackElo "2209"]
[Annotator "TA"]
[PlyCount "54"]
[EventDate "2022.07.18"]
[EventCountry "NED"]
[SourceTitle "playchess.com"]
[Source "ChessBase"]
[SourceQuality "1"]
[TimeControl "5400+30"]

1. d4 d5 2. c4 dxc4 3. Nf3 a6 4. e3 b5 5. a4 Bb7 6. axb5 {[%emt 0:04:28] D22: Queen's Gambit Accepted: 3 Nf3 a6 4 e3.} axb5 7. Rxa8 Bxa8 8. b3 {[%emt 0:00:48] White has an edge.} c5 9. bxc4 b4 {[%emt 0:00:43] [#]} 10. Nbd2 $146 ({But not} 10. dxc5 Qxd1+ 11. Kxd1 Na6 $11) ({Predecessor:} 10. d5 e6 11. e4 Bb7 12. Nbd2 Nd7 {0-1 (12) Pech,J (1883)-Herzog,A (2142) LSS email 2017}) 10... Nd7 11. Qa4 e6 12. Ne5 {[%emt 0:07:35] Strongly threatening Nxd7.} Ngf6 13. Nb3 Bd6 14. Nxd7 Nxd7 15. dxc5 Be5 16. Qxb4 O-O $1 17. Nd4 Qe7 18. Nb5 (18. Ke2 $15) 18... Nxc5 (18... Rd8 $142 $1 19. Be2 Qg5) 19. Ba3 $17 Rc8 {[%emt 0:00:34][%cal Oa8g2][%mdl 1024] Black has strong compensation.} 20. Qa5 {[%emt 0:04:28] [#]} ({White should play} 20. Qd2) 20... g6 (20... Bb7 $1 $17 21. Qb6 Rc6) 21. h4 {[%emt 0:04:12] [#]} Be4 (21... Bb7 $1 $17 {Hoping for ...Ra8.} 22. f3 Bg3+ 23. Kd1 Bxh4) 22. Qb6 $11 Rc6 23. Qa5 {[%emt 0:05:57] aiming for Qa8+.} Qd7 24. Qd2 Nd3+ 25. Bxd3 Qxd3 26. Qxd3 Bxd3 {[%emt 0:00:08] This bishop pair is nice.} 27. Kd2 Bxc4 {[%emt 0:00:14] Weighted Error Value: White=0.15 (very precise) /Black=0.16 (very precise)} 1/2-1/2

[Event "10th Amsterdam Science Park 2022"]
[Site "Amsterdam"]
[Date "2022.07.19"]
[Round "2.10"]
[White "Honkoop, Gilian"]
[Black "Kumar, Prajit Sai"]
[Result "1/2-1/2"]
[ECO "D11"]
[WhiteElo "2205"]
[BlackElo "2040"]
[Annotator "TA"]
[PlyCount "112"]
[EventDate "2022.07.18"]
[EventCountry "NED"]
[SourceTitle "playchess.com"]
[Source "ChessBase"]
[SourceQuality "1"]
[TimeControl "5400+30"]

1. c4 c6 2. d4 d5 3. Nf3 Nf6 4. Qc2 g6 5. Bf4 dxc4 6. Qxc4 {[%emt 0:00:58] D11: Slav Defence: 3 Nf3 sidelines and 3...Nf6 4 e3 Bg4.} Be6 7. Qc1 Bd5 8. Nbd2 Nbd7 9. Qc2 {[%emt 0:05:20] Prevents c5. Black must now prevent e4.} Qa5 10. a3 c5 {[%emt 0:00:58] Inhibits b4.} 11. dxc5 Qxc5 12. Qxc5 Nxc5 {[%emt 0:00:14] [#]} 13. b4 $146 (13. e4 $11 {feels stronger.} Nfxe4 14. Bb5+ Bc6 15. Nxe4 Nxe4 16. Bxc6+ bxc6 17. O-O) ({Predecessor:} 13. e3 Bg7 14. Bb5+ Nfd7 15. O-O-O a6 16. Bxd7+ Nxd7 17. e4 Ba2 18. Nb1 Rc8+ 19. Nc3 Bxc3 20. bxc3 {0-1 (33) Martinovici,I (2367)-Volkov,S (2572) Sochi 2019}) 13... Nce4 $15 14. Be5 Bg7 {[%emt 0:02:58][%cal Oe4f2] Hoping for ...Nxf2!} 15. Nxe4 Bxe4 16. Nd4 O-O 17. f3 Bc6 18. e4 (18. Nxc6 $11 bxc6 19. e4) 18... Rac8 19. b5 Bd7 20. Bd3 (20. Nb3 $15) 20... Rc5 21. f4 Nh5 {[%emt 0:08:08] aiming for ...f6.} 22. Bxg7 Kxg7 23. O-O {[%emt 0:01:11] [#]} Nxf4 $1 24. Rxf4 e5 $1 25. Nb3 Rc3 26. Rf3 {[%emt 0:00:35] Strongly threatening Be2.} Rxb3 27. Bc4 Rxf3 28. gxf3 $19 {[%emt 0:00:01][%mdl 4096] Endgame KRB-KRB} Rc8 29. Rd1 Bh3 30. Bd5 Rc7 31. a4 Kf6 32. a5 (32. b6 $17 axb6 33. Rb1) 32... Be6 (32... Rc5 $19 {has better winning chances.} 33. b6 Rxa5 34. bxa7 Be6) 33. Bxe6 $17 Kxe6 {[%emt 0:00:07] KR-KR} ({Black should try} 33... fxe6 34. b6 axb6 35. axb6 Rc6) 34. Rd8 Rc5 35. Ra8 Rxb5 36. Rxa7 Kf6 37. Kg2 h5 38. Kg3 Kg5 {[%emt 0:01:22] Threatens to win with ...h4+.} 39. h4+ Kf6 40. a6 bxa6 41. Rxa6+ Kg7 42. Rc6 Rb7 43. Rc5 Re7 44. Ra5 f5 (44... Kf6 $17) 45. exf5 $11 {[%emt 0:00:00] The position is equal.} gxf5 46. f4 Kf6 47. Ra6+ Re6 48. fxe5+ Kxe5 49. Ra5+ Ke4 50. Ra4+ Ke3 51. Ra3+ Ke4 52. Ra4+ Ke5 53. Ra5+ Kf6 54. Ra4 Rb6 55. Kf4 Rc6 56. Rb4 Re6 {[%emt 0:09:54] White happily takes the draw.  Weighted Error Value: White=0.07 (flawless) /Black=0.09 (flawless)} 1/2-1/2

[Event "10th Amsterdam Science Park 2022"]
[Site "Amsterdam"]
[Date "2022.07.20"]
[Round "3.1"]
[White "Duchene, Rene"]
[Black "Zwirs, Nico"]
[Result "1/2-1/2"]
[ECO "D30"]
[WhiteElo "2137"]
[BlackElo "2485"]
[Annotator "TA"]
[PlyCount "105"]
[EventDate "2022.07.18"]
[EventCountry "NED"]
[SourceTitle "playchess.com"]
[Source "ChessBase"]
[SourceQuality "1"]
[TimeControl "5400+30"]

1. Nf3 d5 2. d4 Nf6 3. c4 e6 4. e3 c6 5. Nbd2 Nbd7 6. Bd3 Be7 7. O-O O-O 8. b3 {[%emt 0:05:18] is the legacy move (8.e4).} b6 9. Bb2 {[%emt 0:00:16] D30: Queen's Gambit Declined: Systems without Nc3.} dxc4 10. Nxc4 c5 11. Qe2 Bb7 12. Rfd1 Qc7 13. Rac1 Rfd8 14. Nfe5 Rac8 15. Nxd7 Nxd7 {[%emt 0:17:28] [#]} 16. dxc5 $146 ({Predecessor:} 16. e4 cxd4 17. Bxd4 b5 18. Ne3 Qxc1 19. Rxc1 Rxc1+ 20. Nf1 Nc5 21. Bxc5 Bxc5 22. Qb2 {0-1 (51) Roos,T-Feibert,F Wittlich 1983}) 16... Nxc5 17. Qg4 Bf8 18. Ne5 {[%emt 0:00:00] Hoping for b4.} Qe7 19. Bb1 $40 {[%emt 0:00:00][%mdl 128] White attacks.} g6 20. Qf4 Bg7 21. h4 h6 (21... f6 $11 22. Nf3 Rxd1+ 23. Rxd1 e5 24. Qc4+ Kh8) 22. Bd4 {[%emt 0:00:00] White is more active.} ({White should try} 22. Rxd8+ $1 $16 Rxd8 23. b4) 22... Nd7 $2 (22... a5 $11 {and Black has nothing to worry.}) 23. Rxc8 $18 Rxc8 {[%emt 0:03:31] [#]} 24. Nxf7 {[%emt 0:00:00][%cal Be5f7,Bf7h6,Bh6f5][%mdl 544] aiming for Bxg7.} e5 (24... g5 25. Qd6) 25. Nxh6+ Kh7 {[%emt 0:03:27] [#]} (25... Bxh6 $142 26. Qxh6 exd4) 26. Qg3 $2 Nf8 (26... Rc6 $14) 27. Nf5 $1 gxf5 28. Bxf5+ Kh8 {[%emt 0:00:57] Strongly threatening ...Rd8.} 29. Bxc8 Bxc8 30. Bb2 Bf5 31. Qg5 Qxg5 32. hxg5 Kh7 33. f4 Nd7 34. Rd5 Be6 35. Rd6 Bg4 36. g3 Bf8 37. Rc6 a5 38. Kf2 Nc5 39. Bxe5 Nd3+ 40. Kf1 Nxe5 41. fxe5 Bc5 42. Kf2 {[%emt 0:02:04][%cal Oa2a3] Inhibits Bf3. a3! is the strong threat.} Kg7 43. Rf6 Bh5 44. a3 Bxa3 (44... b5 $142 45. Ra6 Bxa3 46. Rxa5 b4 47. Ra7+ Kf8) 45. Rxb6 Bb4 46. Rb7+ Kg6 {[%emt 0:00:00] [#]} 47. e4 $2 (47. g4 $1 $18 Bxg4 48. Kg3) 47... Bc5+ (47... Kxg5 $11 48. e6 Kf6) 48. Ke1 (48. Kg2 $14) 48... Bf3 $11 {[%emt 0:00:00] The position is equal.} 49. Kd2 {[%emt 0:00:00] Black must now prevent Kd3.} Bxe4 50. Rb5 Bb4+ 51. Ke3 Bc2 52. Kd4 Bxb3 53. Rxb4 {[%emt 0:00:00] Blacks defense is rewarded with a draw.  Weighted Error Value: White=0.33/Black=0.42} 1/2-1/2

[Event "10th Amsterdam Science Park 2022"]
[Site "Amsterdam"]
[Date "2022.07.20"]
[Round "3.2"]
[White "Van Delft, Merijn"]
[Black "Baarslag, Ed"]
[Result "1-0"]
[ECO "B12"]
[WhiteElo "2383"]
[BlackElo "2161"]
[Annotator "TA"]
[PlyCount "125"]
[EventDate "2022.07.18"]
[EventCountry "NED"]
[SourceTitle "playchess.com"]
[Source "ChessBase"]
[SourceQuality "1"]
[TimeControl "5400+30"]

1. e4 c6 2. d4 d5 3. e5 Bf5 4. Nd2 e6 5. Nb3 a6 6. Nf3 {[%emt 0:10:56] B12: Caro-Kann: Advance Variation.} c5 7. Nxc5 Bxc5 8. dxc5 {[%emt 0:00:07] The position is equal.} Qa5+ 9. c3 Qxc5 10. Nd4 {[%emt 0:02:57] Threatens to win with Be3.} Ne7 11. Be3 Qc7 12. f4 Nbc6 13. Be2 Nxd4 14. Qxd4 O-O 15. O-O Be4 {[%emt 0:04:03] [#]} 16. Qb6 $146 ({Predecessor:} 16. Bf3 Nf5 17. Qb6 Rfc8 18. Bxe4 dxe4 19. Qxc7 Rxc7 20. Rae1 h5 21. Bc1 Rc4 22. Re2 {1-0 (74) Ljukin,S (2362)-Mikhailovsky,V (2184) Chess.com INT 2022}) 16... Rfc8 17. Qxc7 Rxc7 18. a4 f6 19. exf6 gxf6 20. g4 Kf7 21. Kf2 Rg8 22. Bb6 Rcc8 23. Ke3 Rc6 24. a5 Nc8 25. Bd4 Nd6 26. Ra4 h5 27. g5 Nf5+ ({Resist} 27... fxg5 28. Bxh5+ Ke7 29. fxg5 $16) 28. Kd2 Nxd4 29. Rxd4 h4 30. Rb4 Rc7 (30... Rb8 $11) 31. Rb6 (31. Bg4 $14) 31... Bf5 32. Rg1 fxg5 33. fxg5 Kg6 34. Bd3 Re8 35. Rg4 Rh7 36. h3 Ree7 37. Bxf5+ Kxf5 $11 {[%emt 0:00:09][%mdl 4096] Endgame KRR-KRR} 38. Rbb4 {[%emt 0:00:48] aiming for g6.} e5 39. Rb6 {[%emt 0:01:55][%csl Gg5][%cal Rb6f6] [#]} (39. g6 $5 Rhg7 40. Rg2 $11) 39... Re6 {[%emt 0:02:41] Against Rf6+} 40. g6 Rg7 41. Rxe6 Kxe6 42. Rxh4 Rxg6 {[%emt 0:03:54] KR-KR} 43. Rb4 Rg7 44. h4 Kf5 45. Ke3 e4 46. h5 Rg3+ 47. Kd4 Rd3+ 48. Kc5 e3 {[%emt 0:00:12] White must now prevent ...e2.} 49. Rxb7 {[%emt 0:00:00] Strongly threatening h6.} ({Don't blunder} 49. h6 $2 e2 50. Rxb7 e1=Q $19) 49... Rd2 $2 (49... Kf6 $11 50. Rb8 Kf7 51. Rb7+ Kf6 52. Rb6+ Kf7 53. Rb7+ (53. Rxa6 $2 e2 $19) 53... Kf6) 50. Re7 $18 Kf4 {[%emt 0:00:22] [#]} 51. h6 $2 (51. b4 $1 $18 ) 51... Rh2 $2 (51... Rxb2 $11 {and Black has nothing to worry.} 52. Kxd5 Rd2+ 53. Kc4 Kf3) 52. h7 $2 (52. Kxd5 $18 {And now c4 would win.} Rxh6 53. c4) 52... Kf3 $1 $11 53. Kd4 Rd2+ $1 54. Kc5 Rh2 55. h8=Q Rxh8 56. Kd4 Rh4+ 57. Kd3 Re4 58. Rf7+ Kg4 {[%emt 0:00:15] Hoping for ...e2.} 59. Ke2 {[%emt 0:00:00] Rf6 is the strong threat.} d4 $1 60. cxd4 Rxd4 61. Rf6 Rb4 $2 (61... Ra4 $11) 62. Kxe3 $18 Rxb2 63. Rxa6 {[%emt 0:00:21] Weighted Error Value: White=0.18 (very precise) /Black=0.24 (precise)} 1-0

[Event "10th Amsterdam Science Park 2022"]
[Site "Amsterdam"]
[Date "2022.07.20"]
[Round "3.3"]
[White "Brouwer, Rein"]
[Black "Bosboom, Manuel"]
[Result "0-1"]
[ECO "E94"]
[WhiteElo "2076"]
[BlackElo "2381"]
[Annotator "TA"]
[PlyCount "58"]
[EventDate "2022.07.18"]
[EventCountry "NED"]
[SourceTitle "playchess.com"]
[Source "ChessBase"]
[SourceQuality "1"]
[TimeControl "5400+30"]

1. d4 Nf6 2. c4 g6 3. Nc3 Bg7 4. e4 d6 5. Nf3 O-O 6. Be2 Nbd7 7. O-O e5 8. Be3 exd4 9. Nxd4 ({Much weaker is} 9. Qxd4 Ng4 10. Qd3 Nxe3 11. Qxe3 Re8 $17) ({Don't play} 9. Bxd4 Re8 $11) 9... c6 {[%emt 0:01:33] E94: King's Indian: Classical: 6 Be2 e5 7 0-0: Various Black 7th moves.} 10. f3 d5 11. cxd5 cxd5 {[%emt 0:00:13] [#] White is slightly better.} 12. Ndb5 $146 (12. Qe1 $14) ({Predecessor:} 12. exd5 Nb6 13. d6 Qxd6 14. Nb3 Nbd5 15. Bc5 Qe5 16. Nxd5 Nxd5 17. Bxf8 Bxf8 18. Qd2 {½-½ (19) Majzlan,B-Hlas,J Martin 1996}) 12... a6 $11 13. Nd6 dxe4 14. fxe4 Ne5 15. Nxc8 Qxc8 16. Qb3 $36 {[%emt 0:02:25][%mdl 2048] White has some pressure.} Nfg4 {[%emt 0:13:02] Pair of Knights!} 17. Bb6 Nc6 {[%emt 0:23:35] [#]} (17... Nf6 $11 {keeps the balance.}) 18. Nd5 $1 $16 h5 19. h3 Nge5 20. Nc7 {[%emt 0:03:34] Prevents Qe6.} (20. Qe3 $16) 20... Rb8 {[%emt 0:02:25] [#]} 21. Nd5 ({White should play} 21. Rad1 $1 $16) 21... Qe6 (21... Ra8 $1 $11) 22. Qe3 (22. Rad1 $1 $14) 22... Nd7 $15 23. Rad1 Nxb6 24. Nxb6 Ne5 {[%emt 0:03:44] Prevents Bc4.} 25. b3 Kh7 26. Nc4 (26. Nd5 $11) 26... b5 27. Nxe5 Bxe5 28. Rd5 Bc7 {[%emt 0:01:08] And now ...Bb6 would win.} 29. Bxh5 $2 Bb6 {[%emt 0:00:21] Black used his chance.  Weighted Error Value: White=0.60/Black=0.25 (precise)} 0-1

[Event "10th Amsterdam Science Park 2022"]
[Site "Amsterdam"]
[Date "2022.07.20"]
[Round "3.4"]
[White "Blom, Vincent"]
[Black "De Winter, Arthur"]
[Result "1/2-1/2"]
[ECO "A24"]
[WhiteElo "2325"]
[BlackElo "2150"]
[Annotator "TA"]
[PlyCount "95"]
[EventDate "2022.07.18"]
[EventCountry "NED"]
[SourceTitle "playchess.com"]
[Source "ChessBase"]
[SourceQuality "1"]
[TimeControl "5400+30"]

1. c4 Nf6 2. g3 g6 3. Bg2 Bg7 4. Nc3 O-O 5. Nf3 d6 6. O-O e5 $1 {[%emt 0:00:12] 6...e5 is better than 6...Nc6.} 7. d3 c6 8. c5 dxc5 {[%emt 0:09:15] A24: English Opening vs King's Indian: Lines without ...Nc6.} 9. Nxe5 Nd5 10. Nxd5 cxd5 {[%emt 0:00:36] Black has an edge.} 11. d4 cxd4 12. Nd3 Nc6 13. Qb3 {[%emt 0:09:11] [#]} Bg4 $146 ({Predecessor:} 13... Qe7 14. Re1 Bf5 15. Bxd5 Bxd3 16. Bxc6 Ba6 17. Bb5 Bxb5 18. Qxb5 Rac8 19. Bd2 a6 20. Qd3 h5 21. h4 Qe6 {½-½ (21) Stark,L (2459)-Markus,R (2611) Germany 2013}) 14. Re1 Re8 15. Bxd5 Na5 (15... Qd7 $11 16. Nc5 Qe7) 16. Bxf7+ $14 Kf8 17. Qd5 Qxd5 18. Bxd5 {[%emt 0:00:06] Threatens to win with e4.} Rad8 $1 19. Bg2 Bxe2 20. Bd2 Nc4 $36 {[%emt 0:04:33][%mdl 2048] Black is pushing.} 21. Bb4+ Kg8 (21... Kf7 $5 22. b3 Bxd3 23. Rxe8 Rxe8 24. Bd5+ Kf6 25. bxc4 Kf5 $15) 22. Nf4 (22. Nc5 $11) 22... d3 $17 {[%emt 0:00:27] And now ...a5 would win.} 23. Bf1 (23. Bxb7 $17 a5 24. Bc3) 23... Bxb2 $19 24. Rab1 Bxf1 25. Kxf1 Rxe1+ 26. Kxe1 g5 27. Ng2 Re8+ 28. Ne3 Nxe3 (28... b5 $19 {Strongly threatening ...a6.} 29. Bd2 Re5) 29. fxe3 $15 Rxe3+ $19 {[%emt 0:00:03][%mdl 4096] Endgame KRB-KRB} 30. Kd2 Re2+ 31. Kxd3 Rxh2 32. Bd2 Be5 33. Rxb7 Bxg3 {[%emt 0:01:19] With the idea ...g4.} 34. Rxa7 g4 {[%emt 0:00:00] next ...h5 is good for Black.} 35. Bc3 (35. a4 $11) 35... h5 $17 36. Ke4 Rc2 37. Bd4 {[%emt 0:01:00] [#]} Rc4 $1 38. Ra8+ (38. Rg7+ $17 Kf8 39. Rg5) 38... Kf7 $19 {[%emt 0:00:21] aiming for ...Bf2.} 39. Kd5 Rc2 40. Ke4 Bf2 ({Better is} 40... Re2+ $17 41. Kf5 Bf2 42. Ra7+ Kf8 43. Bxf2 Rxf2+ 44. Kg5 Rh2) 41. Ra7+ $1 $11 {[%emt 0:00:00] The position is equal.} Ke8 42. Ra8+ Kf7 43. Ra7+ $1 Kg6 {[%emt 0:00:00] [#] White must now prevent ...Rc4.} 44. Ra6+ Kh7 45. Ra7+ $1 Kg8 (45... Kg6 $5 46. Ra6+ Kh7 47. Ra7+ Kh6 48. Ra6+ Kh7 $11) 46. Ra8+ Kf7 47. Ra7+ $1 Kg8 {[%emt 0:00:00] Hoping for ...Bxd4.} 48. Ra8+ {[%emt 0:00:00] Weighted Error Value: White=0.18 (very precise) /Black=0.20 (precise)} 1/2-1/2

[Event "10th Amsterdam Science Park 2022"]
[Site "Amsterdam"]
[Date "2022.07.20"]
[Round "3.5"]
[White "Van Arkel, Rogier"]
[Black "Vroombout, Enrico"]
[Result "1-0"]
[ECO "A01"]
[WhiteElo "2187"]
[BlackElo "2125"]
[Annotator "TA"]
[PlyCount "55"]
[EventDate "2022.07.18"]
[EventCountry "NED"]
[SourceTitle "playchess.com"]
[Source "ChessBase"]
[SourceQuality "1"]
[TimeControl "5400+30"]

1. b3 e5 2. Bb2 Nc6 3. e3 Nf6 4. Bb5 Bd6 5. Na3 Na5 6. Be2 {[%emt 0:00:58] A01: Nimzowitsch-Larsen Opening.} a6 {[%emt 0:07:50] Against Nb5} 7. c4 Nc6 8. Nc2 {[%emt 0:02:37] The position is equal.} Be7 {[%emt 0:07:49] [#]} 9. Nf3 $146 ({Predecessor:} 9. d4 exd4 10. exd4 d5 11. Nf3 O-O 12. O-O Bd6 13. Ne5 dxc4 14. bxc4 Ne7 15. Ne3 {½-½ (23) Dragojlovic,A (2261)-Dedebas,E (2232) Novi Sad 2017}) 9... e4 $1 10. Nfd4 Nxd4 11. Nxd4 d5 12. cxd5 Qxd5 13. f3 Qg5 14. O-O {[%emt 0:13:35] Hoping for fxe4.} c5 15. Nc2 Bh3 {[%emt 0:11:05][%csl Gh3][%cal Rg5g2] [#]} 16. Rf2 Bf5 17. Rc1 Rd8 18. Qf1 (18. Ne1 $11) 18... O-O $15 ({Don't play} 18... Rxd2 {[#]} 19. Bb5+ $1 Bd7 20. Rxd2 $14) 19. fxe4 Bxe4 20. d3 Bg6 21. e4 Bh5 $2 (21... b5 $15 22. Ne1 Ng4) 22. Rf5 $36 {[%emt 0:07:08][%mdl 2048] White is pushing.} Bxe2 23. Qxe2 ({But not} 23. Rxg5 Bxf1 24. Rxf1 Ne8 $11) 23... Qg4 24. Rf3 Nh5 {[%emt 0:00:55] Black cannot hold the game after this.} (24... Nd7 $16 {was called for.}) 25. Ne3 $18 Qg6 (25... Nf4 $2 26. Qf1 (26. Nxg4 $2 {too greedy.} Nxe2+ 27. Kf1 Nxc1 $19) 26... Qd7 27. Rxf4 $18) (25... Qe6 {was necessary.} 26. Nf5 Bg5) 26. Nf5 Bd6 27. Rcf1 {[%emt 0:08:41] Black must now prevent Rh3.} f6 $2 (27... Rfe8 {keeps fighting.} 28. Nxd6 Rxd6 29. Rxf7 Rf6) 28. Rh3 {[%emt 0:00:00] Weighted Error Value: White=0.10 (very precise) /Black=0.40} 1-0

[Event "10th Amsterdam Science Park 2022"]
[Site "Amsterdam"]
[Date "2022.07.20"]
[Round "3.6"]
[White "Berrevoets, Jeroen"]
[Black "Croese, Cor"]
[Result "0-1"]
[ECO "B08"]
[WhiteElo "2064"]
[BlackElo "2173"]
[Annotator "TA"]
[PlyCount "91"]
[EventDate "2022.07.18"]
[EventCountry "NED"]
[SourceTitle "playchess.com"]
[Source "ChessBase"]
[SourceQuality "1"]
[TimeControl "5400+30"]

1. d4 g6 2. e4 Bg7 3. Nf3 d6 4. Nc3 c6 5. a4 Nf6 6. Be2 O-O 7. O-O Nbd7 8. h3 e5 9. Be3 Qe7 10. dxe5 dxe5 11. Bc4 {[%emt 0:06:35] 11.Nd2 is a critical line.} Nc5 12. Nd2 Rd8 {[%emt 0:02:19][%cal Of6e4] B08: Pirc Defence: Classical System.} 13. Qf3 Ne6 14. Bxe6 Bxe6 {[%emt 0:00:31] Black is slightly better.} 15. a5 {[%emt 0:00:32] [#]} Nd7 $146 ({Predecessor:} 15... Qb4 16. Rfb1 b6 17. axb6 axb6 18. Rxa8 Rxa8 19. Qd1 Rd8 20. Qc1 b5 21. Ra1 Nd7 {½-½ (31) Kaczorowska,B (2175)-Maciejewski,A (2435) Warsaw 1991}) 16. Qe2 f5 17. f3 Bf6 18. exf5 gxf5 19. g4 Kh8 20. Kh2 Bg5 21. Rg1 Bxe3 22. Qxe3 Qh4 23. Ra4 {[%emt 0:00:00] gxf5 is the strong threat.} f4 24. Qe2 ({But not} 24. Qe1 $2 Qxe1 25. Rxe1 Nc5 $19) 24... Qe7 25. Nde4 b5 26. axb6 Nxb6 27. Ra5 Bc4 28. Qf2 Nd5 29. Nxd5 cxd5 30. Nc5 (30. Nd2 $16) 30... Rac8 31. Rga1 d4 $2 (31... a6 $1 $11) 32. b4 $2 (32. Rxa7 $18 Rc7 33. Rxc7 Qxc7 34. b4) 32... a6 $11 33. Qe1 Rd6 34. Rd1 h5 35. Kg2 hxg4 36. hxg4 Kg7 (36... Kg8 $5 37. Ne4 Rg6 $15) 37. Nb7 $2 {[%emt 0:01:33][%mdl 8192] [#]} Rd5 $2 (37... Re6 $1 $19 38. Nc5 Rh6) 38. Rxd5 $4 (38. Nc5 $11 {and White is okay.}) 38... Bxd5 $19 39. Nc5 {[%emt 0:00:08] And now Rxd4 would win.} Kf7 40. Qh1 Kg7 {[%emt 0:01:24] Prevents Qh7+. Strongly threatening ...e4. The board is on fire.} 41. Qe1 {[%emt 0:00:00] Inhibits e4. Black must now prevent Rxd4.} Qg5 {[%emt 0:00:00] ( -> ...Qxg4+)} 42. Kf1 $2 ({Don't play} 42. Kg1 {[#]} Rxc5 $1 43. bxc5 Bxf3 $19) (42. Ne4 Rxc2+ 43. Kg1) 42... Rh8 {[%emt 0:00:00] aiming for ...Rh1+.} 43. Ke2 Rh2+ 44. Kd3 Qg6+ 45. Ne4 Qc6 46. Nd6 {[%emt 0:00:00] Weighted Error Value: White=0.76/Black=0.46} 0-1